 Dungeon Crawl Stone Soup version 0.22.1-1-ga44c0e5 (webtiles) character file.

90410 Fang the Severer (level 16, -1/96 HPs)
             Began as a Gargoyle Berserker on Nov 1, 2018.
             Was the Champion of Trog.
             Killed from afar by an ogre mage (12 damage)
             ... with a bolt of cold
             ... on level 2 of the Orcish Mines.
             The game lasted 00:34:36 (21551 turns).

Fang the Severer (Gargoyle Berserker)              Turns: 21551, Time: 00:34:37

Health: -1/96      AC: 38    Str: 28    XL:     16   Next: 0%
Magic:  16/16      EV: 10    Int: 13    God:    Trog [******]
Gold:   2360       SH:  0    Dex: 19    Spells: 15/15 levels left

rFire    + . .     SeeInvis .   F - +11 battleaxe "Rizuptubb" {holy, Str+4 Dex+3}
rCold    . . .     Gourm    .   (shield currently unavailable)
rNeg     + . .     Faith    .   k - +8 plate armour
rPois    ∞         Spirit   .   (helmet restricted)
rElec    +         Reflect  .   K - +2 cloak
rCorr    .         Harm     .   (no gloves)
MR       ++...                  (no boots)
Stlth    ..........             R - amulet "Jiniq" {Regen+ Int+4}
HPRegen  0.66/turn              t - ring "Nokob" {rElec rF+ MR+ Str-3 Dex+3}
MPRegen  0.15/turn              G - ring of Xoump {Dex+2 Slay+2}

@: flying, drained
A: big wings, beak, horns 1, thin skeletal structure 1, frail 1, negative energy
resistance 1, electricity resistance, unbreathing, petrification resistance, rot
immunity, AC +12
a: Stop Flying, Berserk, Trog's Hand, Brothers in Arms, Renounce Religion


You were on level 2 of the Orcish Mines.
You worshipped Trog.
Trog was exalted by your worship.
You were very hungry.

You visited 3 branches of the dungeon, and saw 23 of its levels.
You also visited: Sewer.

You collected 2520 gold pieces.
You spent 160 gold pieces at shops.

Inventory:

Hand Weapons
 b - a +4 war axe
 w - a +1 antimagic battleaxe
 y - a +2 war axe of chopping
 B - the +5 broad axe of Movvao Ahal {venom, rN+ Int+3}
   (Trog gifted it to you on level 1 of the Lair of Beasts)

   It poisons the flesh of those it strikes.
   It affects your intelligence (+3).
   It protects you from negative energy.
 F - the +11 battleaxe "Rizuptubb" (weapon) {holy, Str+4 Dex+3}
   (Trog gifted it to you on level 4 of the Lair of Beasts)

   It has been blessed by the Shining One to cause great damage to the undead
   and demons.
   It affects your strength (+4).
   It affects your dexterity (+3).
 L - a +2 battleaxe of flaming
Armour
 k - a +8 plate armour (worn)
 K - a +2 cloak (worn)
 Q - +0 fire dragon scales
 V - +0 ice dragon scales
 W - the +0 robe of Limited Liability {rElec}
   (You found it on level 15 of the Dungeon)

   It insulates you from electricity.
Jewellery
 e - an uncursed amulet of regeneration
 t - the ring "Nokob" (left hand) {rElec rF+ MR+ Str-3 Dex+3}
   (You found it on level 7 of the Dungeon)

   [ring of protection from fire]

   It affects your strength (-3).
   It affects your dexterity (+3).
   It protects you from fire.
   It insulates you from electricity.
   It affects your resistance to hostile enchantments.
 v - a +6 ring of protection
 G - the ring of Xoump (right hand) {Dex+2 Slay+2}
   (You found it on level 4 of the Lair of Beasts)

   [ring of slaying]

   It affects your dexterity (+2).
   It affects your accuracy and damage with ranged weapons and melee attacks
   (+2).
 H - an uncursed ring of stealth
 I - the amulet "Ucrepainn" {*Drain +Fly rElec Regen+ Str+3}
   (You found it on level 3 of the Lair of Beasts)

   [amulet of regeneration]

   It affects your strength (+3).
   It insulates you from electricity.
   It lets you fly.
   It increases your rate of regeneration.
   It causes draining when unequipped.
 R - the amulet "Jiniq" (around neck) {Regen+ Int+4}
   (You took it off an orc on level 13 of the Dungeon)

   [amulet of regeneration]

   It affects your intelligence (+4).
   It increases your rate of regeneration.
Wands
 i - a wand of clouds (5)
 s - a wand of disintegration (17)
 u - a wand of polymorph (35)
 x - a wand of random effects (57)
 E - a wand of paralysis (12)
 J - a wand of acid (6)
 P - a wand of flame (15)
Scrolls
 a - 6 scrolls of magic mapping
 g - 6 scrolls of remove curse
 h - 2 scrolls of fog
 j - 16 scrolls of teleportation
 q - 4 scrolls of fear
 D - 12 scrolls of identify
 S - 2 scrolls of holy word
Potions
 d - 5 potions of lignification
 f - 6 potions of heal wounds
 l - 2 potions of magic
 m - 5 potions of might
 n - 2 potions of resistance
 o - 10 potions of curing
 p - 2 potions of brilliance
 r - a potion of haste
 z - a potion of invisibility
 A - a potion of ambrosia
 C - 2 potions of agility
 T - a potion of cancellation {unknown}
Miscellaneous
 M - a sack of spiders
Comestibles
 c - 40 rations


   Skills:
 + Level 14.7(13.5) Fighting
 + Level 18.1(16.8) Axes
 + Level 13.1(11.9) Armour
 + Level 4.2(3.3) Dodging
 + Level 3.1(2.2) Stealth


You had 15 spell levels left.
You didn't know any spells.
Your spell library was empty.

Dungeon Overview and Level Annotations

Branches:
Dungeon (15/15)            Temple (0/1) D:7            Lair (6/6) D:11
  Swamp (0/4) Lair:4        Snake (0/4) Lair:2        Slime (0/5) Lair:6
    Orc (2/2) D:9          Vaults (0/5) D:14         Depths (0/5) D:15
    Elf: Orc:2

Altars:
Fedhas
Makhleb
Qazlal
Xom
Zin
Beogh

Shops:
D:15 *[!%

Portals:
Hell: Lair:6
Trove: D:10 (give 2 scrolls of acquirement)

Annotations:
D:15 2 transporters, Elysium's ghost, journeyman DgTm


Innate Abilities, Weirdness & Mutations

You are resistant to torment.
Your stone body is resilient. (AC +12)
You are immune to poison.
Your large and strong wings let you fly indefinitely.
You resist negative energy. (rN+)
You are resistant to electric shocks. (rElec)
You can survive without breathing.
You are immune to petrification.
You are immune to rotting.
You have a beak for a mouth.
You have a pair of small horns on your head.
You have a somewhat thin skeletal structure. (Dex +2, Stealth)
You are frail. (-10% HP)


Message History

You chop the hellwing into pieces!!!
The hellwing convulses!
You kill the hellwing!
You slash the ogre!
Your stone giant hits the orc warrior!
The orc warrior hits your stone giant with a glaive!
The ogre mage casts a spell at you. The bolt of cold hits you!
* * * LOW HITPOINT WARNING * * *
The ogre hits you but does no damage.
A two-headed ogre comes into view. It is wielding two giant clubs.
An ogre comes into view. It is wielding a giant club.
Your stone giant hits the orc warrior!!
The orc warrior dies!
Trog accepts your kill.
The orc priest mumbles some strange prayers to Beogh against you.
Beogh smites you!
* * * LOW HITPOINT WARNING * * *
The orc sorcerer hits you but does no damage.
The ogre mage points at you and mumbles some strange words.
The bolt of cold hits you!
You die...

##....# #.....# ..
#####....O# ...
#.........## ...#
.......$...###O.##
#.................
.$......<..O......
...............#..
.......@O.O)$.....
........o.C)......
..<.......))......
.....#..Oo........
.$....#...........
.$............#...
.....##..$.....#.#
#.... ##.......###
#... ####.#...


You could see a two-headed ogre, an ogre mage, an orc sorcerer, 4 ogres, an orc
priest and a friendly stone giant (berserk).

Vanquished Creatures
  A stone giant (Orc:1)
  Nessos (Lair:6)
  A fire dragon (D:14)
  A great orb of eyes (D:14)
  2 ice dragons (D:15)
  A catoblepas (Lair:3)
  9 hydras
  A centaur warrior (D:15)
  A death knight (D:13)
  7 two-headed ogres
  6 death yaks (Lair:6)
  Urug (D:13)
  A sun demon (Lair:6)
  Nergalle (Lair:3)
  5 unseen horrors
  5 skeletal warriors
  A wizard (Lair:6)
  Pikel (D:9)
  An orc knight (Orc:1)
  A deep elf mage (D:15)
  A salamander (shapeshifter) (D:14)
  6 ugly things
  2 manticores (D:13)
  22 elephants
  2 cyclopes
  Joseph (D:7)
  A smoke demon (Lair:6)
  3 centaur zombies
  3 black mambas
  3 gargoyles
  8 spiny frogs
  2 orange demons (Lair:6)
  3 rime drakes
  4 yaktaurs (D:13)
  4 kobold demonologists (D:15)
  An efreet (D:11)
  11 komodo dragons
  2 ice devils (Lair:6)
  2 freezing wraiths (D:13)
  A polar bear (Lair:2)
  4 trolls
  2 red devils (Lair:6)
  A hornet (Lair:3)
  2 bog bodies (Lair:4)
  A queen bee (shapeshifter) (D:14)
  22 blink frogs
  8 slime creatures
  11 hippogriffs
  2 dream sheep (D:8)
  6 wyverns
  2 shadows
  33 yaks
  5 hungry ghosts
  2 basilisks
  An acid dragon (shapeshifter) (D:14)
  10 vampire mosquitoes
  5 nagas (Lair:2)
  A swamp worm (Lair:4)
  13 water moccasins
  5 porcupines
  A floating eye (shapeshifter) (D:14)
  4 hell hounds (Lair:6)
  2 black bears
  6 ice beasts
  4 sky beasts
  A hornet zombie (D:11)
  12 orc warriors
  4 phantoms
  An eye of draining (D:11)
  5 wolves (Lair:3)
  15 ogres
  24 centaurs
  10 crocodiles
  6 big kobolds
  18 bullfrogs
  2 wyvern skeletons
  6 scorpions
  10 killer bees (D:8)
  14 wights
  3 electric eels
  2 howler monkeys (D:13)
  9 crimson imps
  A bullfrog zombie (D:12)
  6 jellies
  12 orc priests
  4 bullfrog skeletons
  Crazy Yiuf (D:3)
  8 hounds
  5 centaur skeletons
  3 iguanas
  Natasha (thrice) (D:3)
  Terence (D:3)
  26 orc wizards
  13 hell rats
  6 worker ants
  A killer bee zombie (D:10)
  3 hound zombies
  A worker ant zombie (D:10)
  11 river rats
  22 adders
  A shadow imp (D:11)
  2 oozes
  An adder zombie (D:8)
  An adder skeleton (D:9)
  5 worms
  4 dart slugs
  5 leopard geckos
  85 orcs
  15 ball pythons
  9 giant cockroaches
  5 goblins
  11 hobgoblins
  17 jackals
  10 quokkas
  9 bats
  4 frilled lizards
  A giant cockroach zombie (D:5)
  A jackal skeleton (D:8)
  24 kobolds
  2 leopard gecko skeletons
  A leopard gecko zombie (D:5)
  A quokka zombie (D:7)
  33 rats
  A bush (Lair:2)
  5 fungi
  13 plants
818 creatures vanquished.

Vanquished Creatures (collateral kills)
  A hydra (D:11)
  A manticore (D:15)
  A vampire (D:15)
  An acid dragon (D:15)
  An orc warrior (Orc:2)
  2 ogres (Orc:2)
  A crocodile (D:11)
8 creatures vanquished.

Vanquished Creatures (others)
  9 fungi
  6 plants
15 creatures vanquished.

Grand Total: 841 creatures vanquished

Notes
Turn   | Place    | Note
-------+----------+-------------------------------------------
     0 | D:1      | Fang the Gargoyle Berserker began the quest for the Orb.
     0 | D:1      | Reached XP level 1. HP: 14/14 MP: 1/1
   143 | D:1      | Reached XP level 2. HP: 18/19 MP: 2/2
   295 | D:1      | Reached skill level 3 in Axes
   677 | D:1      | Reached XP level 3. HP: 23/24 MP: 3/3
   678 | D:1      | Reached ** piety under Trog
   724 | D:1      | You fall through a shaft!
  1003 | D:2      | Reached skill level 1 in Stealth
  1003 | D:2      | Reached XP level 4. HP: 29/29 MP: 4/4
  1269 | D:2      | Found a blossoming altar of Fedhas.
  1384 | D:2      | Reached XP level 5. HP: 30/33 MP: 5/5
  1709 | D:3      | Reached skill level 4 in Axes
  1851 | D:3      | Noticed Natasha
  1860 | D:3      | Killed Natasha
  2216 | D:3      | Reached XP level 6. HP: 38/38 MP: 6/6
  2410 | D:3      | Reached *** piety under Trog
  2583 | D:3      | Found a runed door.
  2596 | D:3      | Noticed Natasha
  2609 | D:3      | Killed Natasha
  2785 | D:3      | Noticed Terence
  2805 | D:3      | Killed Terence
  2906 | D:3      | Noticed Natasha
  2921 | D:3      | Killed Natasha
  2941 | D:3      | Noticed Crazy Yiuf
  2951 | D:3      | Killed Crazy Yiuf
  3310 | D:4      | Reached XP level 7. HP: 34/43 MP: 7/7
  3426 | D:4      | Reached skill level 5 in Axes
  3886 | D:5      | Entered Level 5 of the Dungeon
  3959 | D:5      | Found a stormy altar of Qazlal.
  3994 | D:5      | Found a glowing drain.
  4006 | D:5      | Reached **** piety under Trog
  4060 | Sewer    | Entered a sewer
  4135 | Sewer    | Received a gift from Trog
  4207 | Sewer    | Reached skill level 6 in Axes
  4248 | Sewer    | Reached ***** piety under Trog
  4295 | Sewer    | Reached skill level 5 in Armour
  4295 | Sewer    | Reached XP level 8. HP: 48/48 MP: 8/8
  4819 | D:5      | Reached skill level 5 in Fighting
  4850 | D:5      | Reached skill level 7 in Axes
  6123 | D:7      | Noticed a two-headed ogre
  6127 | D:7      | Noticed a hippogriff
  6144 | D:7      | Killed a two-headed ogre
  6144 | D:7      | Reached skill level 8 in Axes
  6144 | D:7      | Reached XP level 9. HP: 30/55 MP: 9/9
  6160 | D:7      | Reached skill level 9 in Axes
  6203 | D:7      | Paralysed by fainting for 8 turns
  6487 | D:7      | Found a transporter.
  6504 | D:7      | Got a heavily runed silver ring
  6548 | D:7      | Found a staircase to the Ecumenical Temple.
  6879 | D:7      | Noticed Joseph
  6897 | D:7      | Killed Joseph
  6897 | D:7      | Reached XP level 10. HP: 61/61 MP: 10/10
  7279 | D:7      | Found a transporter.
  7785 | D:8      | Found a shimmering altar of Xom.
  7891 | D:8      | Reached skill level 10 in Axes
  8307 | D:8      | Identified the Papyrus of Enhancements
  8467 | D:8      | Noticed a three-headed hydra
  8492 | D:8      | Killed a 16-headed hydra
  8509 | D:8      | Reached XP level 11. HP: 24/69 MP: 11/11
  8521 | D:8      | Reached skill level 11 in Axes
  9067 | D:9      | Noticed a two-headed ogre
  9076 | D:9      | Killed a two-headed ogre
  9224 | D:9      | Identified the ring "Nokob" {rElec rF+ MR+ Str-3 Dex+3}
                  | (You found it on level 7 of the Dungeon)
  9297 | D:9      | Reached ****** piety under Trog
  9305 | D:9      | Found a staircase to the Orcish Mines.
  9445 | D:9      | Noticed Pikel
  9465 | D:9      | Killed Pikel
  9523 | D:9      | Gained mutation: You are frail. (-10% HP) [potion of
                  | mutation]
  9523 | D:9      | Gained mutation: You have a beak for a mouth. [potion of
                  | mutation]
  9523 | D:9      | Gained mutation: You evolve. [potion of mutation]
  9927 | D:10     | Entered Level 10 of the Dungeon
 10118 | D:10     | Received a gift from Trog
 10192 | D:10     | Killed an unseen horror
 10192 | D:10     | Reached skill level 10 in Armour
 10309 | D:10     | Reached skill level 12 in Axes
 10794 | D:10     | Found a portal to a secret trove of treasure.
 10963 | D:11     | Found a burning altar of Makhleb.
 11029 | D:11     | Reached skill level 10 in Fighting
 11177 | D:11     | Noticed a skeletal warrior
 11177 | D:11     | Noticed a skeletal warrior
 11178 | D:11     | Noticed a skeletal warrior
 11179 | D:11     | Noticed a skeletal warrior
 11186 | D:11     | Killed a skeletal warrior
 11186 | D:11     | Reached XP level 12. HP: 69/69 MP: 12/12
 11431 | D:11     | Noticed a five-headed hydra
 11437 | D:11     | Killed a six-headed hydra
 11437 | D:11     | Reached skill level 13 in Axes
 11460 | D:11     | Found a staircase to the Lair.
 12037 | Lair:1   | Entered Level 1 of the Lair of Beasts
 12235 | Lair:1   | Gained mutation: You have a somewhat thin skeletal
                  | structure. (Dex +2, Stealth) [evolution]
 12859 | Lair:1   | Received a gift from Trog
 12862 | Lair:1   | Got a shimmering broad axe {god gift}
 12863 | Lair:1   | Identified the +5 broad axe of Movvao Ahal {venom, rN+
                  | Int+3} (Trog gifted it to you on level 1 of the Lair of
                  | Beasts)
 13248 | Lair:2   | Found a staircase to the Snake Pit.
 13436 | Lair:2   | Reached skill level 14 in Axes
 13459 | Lair:2   | Reached XP level 13. HP: 75/75 MP: 13/13
 14320 | Lair:3   | Noticed Nergalle
 14332 | Lair:3   | Killed Nergalle
 14382 | Lair:3   | Got a fine graven amulet
 14384 | Lair:3   | Identified the amulet "Ucrepainn" {*Drain +Fly rElec Regen+
                  | Str+3} (You found it on level 3 of the Lair of Beasts)
 15032 | Lair:4   | Got a vibrating steel ring
 15046 | Lair:4   | Identified the ring of Xoump {Dex+2 Slay+2} (You found it
                  | on level 4 of the Lair of Beasts)
 15099 | Lair:4   | Found a staircase to the Swamp.
 15666 | Lair:4   | Found a shimmering altar of Xom.
 15707 | Lair:4   | Received a gift from Trog
 15865 | Lair:4   | Got a steaming battleaxe {god gift}
 15866 | Lair:4   | Identified the +11 battleaxe "Rizuptubb" {holy, Str+4
                  | Dex+3} (Trog gifted it to you on level 4 of the Lair of
                  | Beasts)
 15896 | Lair:5   | Reached skill level 15 in Axes
 15930 | Lair:5   | Gained mutation: You have a pair of small horns on your
                  | head. [evolution]
 15930 | Lair:5   | Lost mutation: You evolve. [end of evolution]
 16420 | Lair:5   | Gained mutation: Your large and strong wings let you fly
                  | indefinitely. [Gargoyle growth]
 16420 | Lair:5   | Reached XP level 14. HP: 72/82 MP: 14/14
 16952 | Lair:6   | Entered Level 6 of the Lair of Beasts
 16989 | Lair:6   | Found a staircase to the Slime Pits.
 17191 | Lair:6   | Reached skill level 16 in Axes
 17492 | Lair:6   | Received a gift from Trog
 17511 | Lair:6   | Noticed Nessos
 17537 | Lair:6   | Killed Nessos
 17581 | Lair:6   | Found a burning altar of Makhleb.
 17632 | Lair:6   | Found a gateway to Hell.
 18318 | D:12     | Reached XP level 15. HP: 89/89 MP: 15/15
 18602 | D:13     | Received a gift from Trog
 18620 | D:13     | Reached skill level 17 in Axes
 18772 | D:13     | Noticed Urug
 18778 | D:13     | Killed Urug
 18791 | D:13     | Got a scintillating garnet amulet
 19699 | D:14     | Paralysed by a floating eye for 3 turns
 19769 | D:14     | Noticed an angel
 19770 | D:14     | Found a glowing silver altar of Zin.
 19926 | D:14     | Found a gate to the Vaults.
 19965 | D:15     | Entered Level 15 of the Dungeon
 19965 | D:15     | Found Womany's Distillery.
 19970 | D:15     | Received a gift from Trog
 20026 | D:15     | Bought a potion of heal wounds for 80 gold pieces
 20026 | D:15     | Bought a potion of heal wounds for 80 gold pieces
 20092 | D:15     | Found Ephif's Antique Armour Boutique.
 20121 | D:15     | Found Engas's Assorted Antiques.
 20145 | D:15     | Found a transporter.
 20154 | D:15     | Found a transporter.
 20154 | D:15     | Noticed a frost giant
 20154 | D:15     | Noticed Elysium's ghost (journeyman DgTm)
 20581 | D:15     | Found Gaempapa's Food Shop.
 20816 | D:15     | Found a staircase to the Depths.
 20876 | D:15     | Reached skill level 18 in Axes
 20919 | D:15     | Got a brightly glowing robe
 20930 | D:15     | Identified the cursed +0 robe of Limited Liability {rElec}
                  | (You found it on level 15 of the Dungeon)
 20932 | D:15     | Identified a scroll of acquirement
 21215 | Orc:1    | Entered Level 1 of the Orcish Mines
 21233 | Orc:1    | Received a gift from Trog
 21268 | Orc:1    | Found a roughly hewn altar of Beogh.
 21283 | Orc:1    | Identified the amulet "Jiniq" {Regen+ Int+4} (You took it
                  | off an orc on level 13 of the Dungeon)
 21532 | Orc:2    | Entered Level 2 of the Orcish Mines
 21537 | Orc:2    | Paralysed by an orc sorcerer for 2 turns
 21545 | Orc:2    | Reached XP level 16. HP: 51/96 MP: 16/16
 21551 | Orc:2    | Killed from afar by an ogre mage

Skill      XL: |  1  2  3  4  5  6  7  8  9 10 11 12 13 14 15 |
---------------+----------------------------------------------+-----
Axes           | 3 4 6 8 9 10 12 14 15 16 18 | 18.1
Dodging        | 2 3 4 |  4.2
Stealth        | 1 2 3 |  3.1
Fighting       | 4 5 6 8 10 11 12 13 14 | 14.7
Armour         | 3 4 5 6 8 9 10 11 12 13 | 13.1

Action                   |  1- 3 |  4- 6 |  7- 9 | 10-12 | 13-15 | 16-18 || total
-------------------------+-------+-------+-------+-------+-------+-------++-------
Melee: Hand axe          |    93 |   347 |    74 |       |       |       ||   514
       War axe           |       |       |   415 |   768 |       |       ||  1183
       Peck              |       |       |       |   109 |   207 |       ||   316
       Broad axe         |       |       |       |    69 |   208 |       ||   277
       Battleaxe         |       |       |       |       |   579 |     1 ||   580
       Headbutt          |       |       |       |       |   149 |       ||   149
Invok: Berserk           |     1 |     3 |     4 |     6 |     8 |       ||    22
       Brothers in Arms  |       |       |       |     1 |     2 |     1 ||     4
 Abil: Fly               |       |       |       |       |     1 |       ||     1
  Use: Scroll            |       |       |    23 |     8 |    10 |       ||    41
       Potion            |       |       |       |     1 |     3 |       ||     4
 Stab: Petrified         |       |       |       |       |     2 |       ||     2
       Petrifying        |       |       |       |       |     1 |       ||     1
  Eat: Chunk             |     1 |    11 |     9 |    24 |    26 |       ||    71
       Ration            |       |       |     4 |     2 |     3 |       ||     9
Armor: Animal skin       |    44 |       |       |       |       |       ||    44
       Chain mail        |     5 |    80 |       |       |       |       ||    85
       Plate armour      |       |   201 |   466 |   799 |   718 |     8 ||  2192
Dodge: Dodged            |    71 |   173 |   237 |   377 |   435 |     6 ||  1299
